 Dungeon Crawl Stone Soup version 0.25-a0-701-gb30f108f01 (webtiles) character file.

Game seed: 14552606023422120511, levelgen mode: deterministic

3754 Maedhros the Covert (level 10, -1/61 HPs)
             Began as an Octopode Artificer on Apr 3, 2020.
             Was a Priest of Fedhas.
             Slain by an orc
             ... wielding a +1 trident of protection
              (4 damage)
             ... on level 8 of the Dungeon.
             The game lasted 00:11:00 (8043 turns).

Maedhros the Covert (Octopode Artificer)            Turns: 8043, Time: 00:11:01

Health: -1/61      AC: -3    Str: 12    XL:     10   Next: 15%
Magic:  18/18      EV: 17    Int: 13    God:    Fedhas [***...]
Gold:   92         SH:  0    Dex: 16    Spells: 9/9 levels left

rFire    . . .     SeeInvis .   o - +1 dagger (venom)
rCold    . . .     Gourm    .   (no shield)
rNeg     . . .     Faith    .   (helmet restricted)
rPois    .         Spirit   .   (no amulet)
rElec    .         Reflect  .   (no ring)
rCorr    .         Harm     .   f - +3 ring of evasion
MR       .....                  B - ring of wizardry
Stlth    ++++++....             (no ring)
HPRegen  0.20/turn              (no ring)
MPRegen  0.16/turn              (no ring)
                                (no ring)
                                (no ring)

@: corroded, slowed, very slow
A: almost no armour, stealthy swim, amphibious, 8 rings, constrict 8, camouflage
1, gelatinous body 1
a: Wall of Briars, Grow Ballistomycete, Renounce Religion


You were on level 8 of the Dungeon.
You worshipped Fedhas.
Fedhas was most pleased with you.
You were not hungry.

You visited 1 branch of the dungeon, and saw 8 of its levels.
You also visited: Ossuary.

You collected 338 gold pieces.
You spent 246 gold pieces at shops.

Inventory:

Hand Weapons
 a - a +0 short sword
 o - a +1 dagger of venom (weapon)
 y - a +0 hunting sling
Missiles
 x - 4 javelins (quivered)
 z - 227 stones
 C - 60 sling bullets
Jewellery
 e - an uncursed ring of teleportation
 f - a +3 ring of evasion (right tentacle)
 m - an uncursed amulet of faith
 u - a cursed amulet of magic regeneration
 B - a ring of wizardry (on tentacle)
Wands
 b - a wand of flame (1)
 c - a wand of enslavement (5)
 d - a wand of random effects (9)
 G - a wand of disintegration (11)
 H - a wand of acid (5)
Scrolls
 g - 2 scrolls of magic mapping
 j - 3 scrolls of amnesia
 k - 2 scrolls of noise
 n - 2 scrolls of immolation
 s - 4 scrolls of remove curse
 t - 5 scrolls of identify
 w - 2 scrolls of teleportation
 A - 2 scrolls of enchant weapon
 F - 2 scrolls of fog
 I - 3 scrolls of random uselessness
 J - 2 scrolls of fear
Potions
 h - 4 potions of stabbing
 i - 3 potions of ambrosia
 l - 4 potions of degeneration
 p - 2 potions of lignification
 q - 2 potions of curing
 r - a potion of might
 D - 2 potions of invisibility
 E - a potion of flight {unknown}
 K - a potion of haste
Comestibles
 v - 11 rations


   Skills:
 + Level 2.4 Fighting
 - Level 1.0 Short Blades
 + Level 3.0 Dodging
 + Level 13.2 Stealth
 * Level 3.3 Invocations
 - Level 10.7 Evocations


You had 9 spell levels left.
You didn't know any spells.
Your spell library was empty.

Dungeon Overview and Level Annotations

Branches:
Dungeon (8/15)             Temple (0/1) D:4         Ossuary (visited)
   Lair: D:8-11

Altars:
Elyvilon
Fedhas
Gozag
Hepliaklqana
Makhleb
Nemelex Xobeh
Ru
Uskayaw
Wu Jian
Yredelemnul
The Shining One

Shops:
D:4 %   D:7 ?

Annotations:
D:6 3 runed translucent doors, demivan's ghost, novice TrFi; pantherbaby's ghost, novice DsFi


Innate Abilities, Weirdness & Mutations

You cannot wear most types of armour.
You are very stealthy in the water. (Stealth+)
You are amphibious.
You can wear up to eight rings at the same time.
You can use your tentacles to constrict eight enemies at once.
Your skin changes colour to match your surroundings (Stealth+).
Your rubbery body absorbs attacks. (AC +1, EV +1)


Message History

The orc wizard gestures at you while chanting.
You feel yourself slow down. The orc barely misses you.
You hit the jelly but do no damage.
Your tentacles burn!
You squeeze the jelly.
The jelly is moderately wounded.
The orc wizard points at you and mumbles some strange words.
The magic dart hits you! The jelly hits you. The acid corrodes you!
You are splashed with acid!
* * * LOW HITPOINT WARNING * * *
The orc barely misses you. The jelly hits you.
* * * LOW HITPOINT WARNING * * *
You are splashed with acid!
* * * LOW HITPOINT WARNING * * *
Evoke which item? (* to show all) (? for menu, Esc to quit)
Aiming: Enslavement
Press: ? - help, Shift-Dir - straight line, f - jelly
Aim: a jelly (moderately wounded, chance to defeat MR: 80%)
The jelly is charmed.
The orc wizard misses you.
The orc hits you from afar with a +1 trident of protection.
You die...
Fedhas appreciates your contribution to the ecosystem.

#......# #.##.....##.
###......# #...#######.
#..........#########.# #.
#####.....h..#......<# #.
#...!..#.#.#...### ###
##ยง..(.#...#.#.########.#
#o###o###...#.....)....#
#.. #.J.#.########.....#
### ###@#.# #.....# #o#.#
#.....# #.......#.#
#.....# #.####....#
#...... #.#### #....#. #.
###.... #. #.##. ## #. ..
.. ##


You could see an orc wizard, an orc and a friendly jelly.

Vanquished Creatures
  Maggie (D:6)
  Prince Ribbit (D:6)
  A hippogriff (D:6)
  Sigmund (D:6)
  Edmund (D:6)
  An ice beast (D:6)
  An eye of draining (D:8)
  An orc warrior (D:7)
  A black bear (D:8)
  3 sky beasts
  4 ogres
  A centaur (D:8)
  A crocodile (D:8)
  Blork the orc (D:6)
  4 scorpions
  A water moccasin skeleton (D:5)
  5 wights
  3 howler monkeys (D:8)
  A crimson imp (D:5)
  A bullfrog zombie (D:5)
  A centaur zombie (D:6)
  A gnoll shaman (D:5)
  3 hounds
  A bullfrog skeleton (D:7)
  7 orc priests
  A jelly (D:7)
  An iguana (D:7)
  5 orc wizards
  4 worker ants
  2 mummies (Ossuary)
  Robin (D:4)
  A howler monkey skeleton (D:7)
  7 adders
  5 gnolls
  3 shadow imps
  An ooze (D:2)
  An adder zombie (D:8)
  A worm (D:3)
  2 dart slugs
  A leopard gecko (D:3)
  8 orcs
  4 giant cockroaches
  3 gnoll zombies
  13 goblins
  7 hobgoblins
  9 jackals
  A quokka (D:3)
  A ball python (D:3)
  7 bats
  4 frilled lizards
  A hobgoblin zombie (Ossuary)
  15 kobolds
  A kobold zombie (Ossuary)
  A leopard gecko skeleton (D:6)
  A leopard gecko zombie (D:6)
  A quokka skeleton (D:4)
  A quokka zombie (D:7)
  9 rats
170 creatures vanquished.

Vanquished Creatures (collateral kills)
  2 orc priests (D:5)
  2 gnolls (D:5)
  4 orcs (D:5)
8 creatures vanquished.

Vanquished Creatures (others)
  4 orc wizards (D:5)
4 creatures vanquished.

Grand Total: 182 creatures vanquished

Notes
Turn   | Place    | Note
-------+----------+-------------------------------------------
     0 | D:1      | Maedhros the Octopode Artificer began the quest for the
                  | Orb.
     0 | D:1      | Reached XP level 1. HP: 13/13 MP: 3/3
   135 | D:1      | Reached skill level 2 in Stealth
   152 | D:1      | Reached XP level 2. HP: 8/18 MP: 4/4
   818 | D:2      | Reached skill level 3 in Stealth
   847 | D:2      | Reached XP level 3. HP: 23/23 MP: 5/5
  1008 | D:4      | Reached skill level 4 in Stealth
  1008 | D:4      | Reached XP level 4. HP: 22/28 MP: 7/7
  1179 | D:4      | Noticed Robin
  1180 | D:5      | Entered Level 5 of the Dungeon
  1203 | D:5      | Reached XP level 5. HP: 25/33 MP: 8/8
  1206 | D:5      | Reached skill level 5 in Evocations
  1213 | D:5      | Reached skill level 5 in Stealth
  1271 | D:5      | Found a sand-covered staircase.
  1371 | D:5      | Reached XP level 6. HP: 26/38 MP: 10/10
  1406 | Ossuary  | Entered an ossuary
  1411 | Ossuary  | Reached skill level 6 in Stealth
  2022 | D:5      | Noticed a phantom
  2527 | D:5      | Reached skill level 7 in Stealth
  2745 | D:5      | Found a white marble altar of Elyvilon.
  2747 | D:5      | Reached XP level 7. HP: 43/43 MP: 11/11
  2751 | D:5      | Found a hazy altar of Hepliaklqana.
  2754 | D:5      | Found a hide-covered altar of Uskayaw.
  2755 | D:5      | Found a sacrificial altar of Ru.
  2755 | D:5      | Found a blossoming altar of Fedhas.
  2755 | D:5      | Found an opulent altar of Gozag.
  2758 | D:5      | Found a glowing golden altar of the Shining One.
  2760 | D:5      | Found a burning altar of Makhleb.
  2763 | D:5      | Became a worshipper of Fedhas Madash
  2835 | D:4      | Killed Robin
  2880 | D:4      | Found Fekaif's Food Emporium.
  2985 | D:4      | Found a staircase to the Ecumenical Temple.
  3519 | D:3      | Reached * piety under Fedhas
  3632 | D:3      | Reached skill level 8 in Stealth
  3702 | D:3      | Found a faded altar of an unknown god.
  3888 | D:2      | Found a basalt altar of Yredelemnul.
  5015 | D:6      | Noticed Prince Ribbit
  5043 | D:5      | Reached XP level 8. HP: 48/48 MP: 13/13
  5056 | D:6      | Reached skill level 9 in Stealth
  5108 | D:6      | Noticed Maggie
  5110 | D:6      | Noticed Edmund
  5114 | D:6      | Killed Edmund
  5129 | D:6      | HP: 1/48 [Maggie/bolt of fire (17)]
  5131 | D:6      | Killed Maggie
  5131 | D:6      | Reached skill level 10 in Stealth
  5164 | D:6      | Noticed Sigmund
  5277 | D:6      | Killed Sigmund
  5314 | D:6      | Killed Prince Ribbit
  5314 | D:6      | Reached skill level 11 in Stealth
  5314 | D:6      | Reached XP level 9. HP: 35/53 MP: 14/16
  5344 | D:6      | Found a runed translucent gate.
  5353 | D:6      | Noticed Blork the orc
  5359 | D:6      | Killed Blork the orc
  5361 | D:6      | Reached ** piety under Fedhas
  5392 | D:6      | Found an ornate altar of the Wu Jian Council.
  5477 | D:6      | Found a runed translucent gate.
  5478 | D:6      | Found a runed translucent gate.
  5479 | D:6      | Noticed pantherbaby's ghost (novice DsFi)
  5480 | D:6      | Noticed demivan's ghost (novice TrFi)
  5549 | D:6      | Reached skill level 10 in Evocations
  5767 | D:6      | Reached skill level 12 in Stealth
  6822 | D:7      | Found Ciuxuam's Magic Scroll Emporium.
  6830 | D:7      | Bought a scroll of fear for 52 gold pieces
  6830 | D:7      | Bought a scroll of enchant weapon for 112 gold pieces
  6830 | D:7      | Bought a scroll of fear for 52 gold pieces
  6830 | D:7      | Bought a scroll of fog for 30 gold pieces
  7643 | D:8      | Found a sparkling altar of Nemelex Xobeh.
  7687 | D:8      | Found a basalt altar of Yredelemnul.
  7697 | D:8      | Reached skill level 1 in Invocations
  7699 | D:8      | Reached skill level 13 in Stealth
  7773 | D:8      | Reached XP level 10. HP: 35/60 MP: 11/18
  7779 | D:8      | Reached *** piety under Fedhas
  8042 | D:8      | HP: 3/61 [acid (8)]
  8043 | D:8      | Slain by an orc

Levels and vault maps discovered:
D:1:      wheals_arrival_linesprint, layout_loops_ring
D:2:      layout_loops_ring, lemuel_zombie_altar_yredelemnul, first_ration
D:3:      layout_basic, chequers_ecumenical_altar_simple
D:4:      layout_rooms, temple_statues, serial_shops, shop, uniq_robin
D:5:      layout_loops_ring, minitemple, nicolae_ossuary_entry_false_entrances
D:6:      layout_basic, gammafunk_ghost_cemetery, basic_altar, uniq_sigmund,
          uniq_maggie, uniq_edmund, uniq_prince_ribbit1, uniq_blork_the_orc
D:7:      layout_loops_ring, serial_shops, shop_scrolls
D:8:      layout_basic, lemuel_crystal_altar, basic_altar, serial_shops,
          kennysheep_little_box

Skill      XL: |  1  2  3  4  5  6  7  8  9 10 |
---------------+-------------------------------+-----
Stealth        | 2 3 4 5 7 8 11 13 | 13.2
Evocations     | 4 5 6 7 9 10 | 10.7
Invocations    | 2 3 |  3.3
Fighting       | 2 |  2.4
Dodging        | 3 |  3.0
Short Blades   | |  1.0

Action                   |  1- 3 |  4- 6 |  7- 9 | 10-12 || total
-------------------------+-------+-------+-------+-------++-------
Melee: Short sword       |    51 |       |       |       ||    51
       Constrict         |    22 |    16 |    51 |    12 ||   101
       Tentacles         |    13 |    14 |    37 |    17 ||    81
       Dagger            |    18 |    72 |   227 |    62 ||   379
Evoke: Wand              |       |    15 |    15 |     1 ||    31
  Use: Potion            |     3 |     1 |     3 |     1 ||     8
       Scroll            |       |     4 |    10 |       ||    14
 Stab: Sleeping          |     4 |     6 |    30 |     1 ||    41
       Distracted        |       |       |     1 |       ||     1
  Eat: Ration            |       |     2 |     2 |       ||     4
       Chunk             |       |       |     7 |     2 ||     9
Armor: Skin              |    11 |     4 |     9 |     2 ||    26
Dodge: Dodged            |    53 |    48 |   157 |    47 ||   305

Table legend:
 A = Non-vault XP
 B = Vault XP
 C = Vault XP percentage of total XP
 D = Non-vault monster count
 E = Vault monster count
 F = Vault count percentage of total count
                 A         B        C        D         E       F
            +---------+---------+-------+---------+---------+-------
      Total |    4108 |    1255 |  23.4 |     155 |      24 |  13.4
            +---------+---------+-------+---------+---------+-------
        D:1 |      28 |       0 |   0.0 |      19 |       0 |   0.0
        D:2 |      26 |       3 |  10.3 |      12 |       2 |  14.3
        D:3 |      78 |       0 |   0.0 |      25 |       0 |   0.0
        D:4 |     367 |      34 |   8.5 |      10 |      10 |  50.0
        D:5 |     472 |       3 |   0.6 |      22 |       2 |   8.3
        D:6 |    1006 |    1177 |  53.9 |      18 |       5 |  21.7
        D:7 |     874 |       0 |   0.0 |      21 |       0 |   0.0
        D:8 |    1257 |       0 |   0.0 |      28 |       0 |   0.0
    Ossuary |       0 |      38 | 100.0 |       0 |       5 | 100.0
            +---------+---------+-------+---------+---------+-------
